 Dungeon Crawl Stone Soup version 0.28-a0-1429-gf3d713df7a (webtiles) character file.

Game seed: 623096736945892355

44 HallandMoats the Skirmisher (level 3, 0/31 HPs)
             Began as a Ghoul Fighter on Jan 8, 2022.
             Was an Initiate of Gozag.
             Slain by a kobold (1 damage)
             ... on level 2 of the Dungeon.
             The game lasted 00:02:36 (1197 turns).

HallandMoats the Skirmisher (Ghoul Fighter)         Turns: 1197, Time: 00:02:37

Health: 0/31       AC:  6    Str: 19    XL:     3   Next: 62%
Magic:  2/2        EV:  9    Int:  5    God:    Gozag
Gold:   100        SH:  4    Dex:  8    Spells: 2/2 levels left

rFire   . . .      SeeInvis .   a - +0 flail
rCold   + . .      Faith    .   c - +0 buckler
rNeg    + + +      Spirit   .   b - +0 scale mail
rPois   ∞          Reflect  .   (no helmet)
rElec   .          Harm     .   (no cloak)
rCorr   .          Rampage  .   (no gloves)
Will    .....                   (no boots)
Stlth   ..........              (no amulet)
HPRegen 0.00/turn               (no ring)
MPRegen 0.08/turn               (no ring)

@: inhibited regen
A: claws 1, cold resistance 1, negative energy resistance 3, inhibited
regeneration, torment resistance 2
a: Renounce Religion, Potion Petition, Call Merchant, Bribe Branch


You were on level 2 of the Dungeon.
You worshipped Gozag.
Gozag was aware of your devotion.
You visited 1 branch of the dungeon, and saw 2 of its levels.

You collected 100 gold pieces.

Inventory:

Hand Weapons
 a - a +0 flail (weapon)
Armour
 b - a +0 scale mail (worn)
 c - a +0 buckler (worn)
Jewellery
 j - a ring of magical power
Scrolls
 e - a scroll of brand weapon {unknown}
 g - a scroll of teleportation {unknown}
 i - a scroll of enchant armour {unknown}
 k - a scroll of silence {unknown}
Potions
 d - a potion of might
 f - a potion of degeneration {unknown}
 h - a potion of invisibility {unknown}


   Skills:
 + Level 3.5 Fighting
 + Level 2.1 Maces & Flails
 + Level 2.9 Armour
 + Level 0.8 Dodging
 * Level 3.3 Shields


You had 2 spell levels left.
You didn't know any spells.
Your spell library contained the following spells:

 Spells                   Type           Power      Damage    Failure   Level
 Inner Flame              Hex/Fire       0%         N/A       99%         3
 Cause Fear               Hex            0%         N/A       100%        4
 Discord                  Hex            0%         N/A       100%        8


Dungeon Overview and Level Annotations

Branches:
Dungeon (2/15)

Altars:
Gozag


Innate Abilities, Weirdness & Mutations

You thrive by killing the living.
You are immune to poison.
You have sharp fingernails.
Your flesh is cold resistant. (rC+)
You are immune to negative energy. (rN+++)
You do not regenerate when monsters are visible.
You are immune to unholy pain and torment.


Message History

You barely miss the worm.
The worm is lightly wounded.
The bat is distracted by your dazzling golden aura.
The worm bites you.
* * * LOW HITPOINT WARNING * * *
You thump the worm!
The worm is severely wounded.
The adder is distracted by your dazzling golden aura.
The worm bites you.
* * * LOW HITPOINT WARNING * * *
You sock the worm!
You kill the worm!
The adder is no longer distracted by gold.
You block the kobold's attack.
The goblin is distracted by your dazzling golden aura.
You barely miss the kobold. The kobold barely misses you.
The goblin shouts!
You hit the kobold.
The kobold is severely wounded.
The kobold is distracted by your dazzling golden aura.
You closely miss the kobold.
The kobold is no longer distracted by gold.
The kobold shouts!
The kobold is severely wounded.
The goblin is no longer distracted by gold.
The goblin is distracted by your dazzling golden aura.
The giant cockroach is distracted by your dazzling golden aura.
The kobold barely misses you.
You closely miss the kobold.
The kobold is severely wounded.
The giant cockroach is no longer distracted by gold.
The goblin is no longer distracted by gold.
The kobold hits you with a +0 whip.
* * * LOW HITPOINT WARNING * * *
The bat is distracted by your dazzling golden aura.
You barely miss the kobold.
The kobold is severely wounded.
The kobold hits you with a +0 whip.
You die...
Your body crumbles into a pile of gold.

### #######.#
........# #########
#######.#
##.......## #.#
#####.......... #.#
#.......###..#
#.###.####$##.##.#
#...).....@K$.?#.#
#####.##.#(##?##...
#.##....#+###+#
#.#.#####.##B.#
#..##JSg+#+bb.. $
#..#brKJ.##S[..
#..#.....###.!#
#..#....[#.##


You could see an adder, 2 endoplasms, a quokka, a giant cockroach, a goblin, 2
bats and 2 kobolds.

Vanquished Creatures
  An adder (D:2)
  2 worms (D:2)
  2 ball pythons
  2 endoplasms (D:1)
  A goblin (D:1)
  2 jackals (D:2)
  3 quokkas (D:1)
  4 bats (D:1)
  3 frilled lizards (D:1)
  8 kobolds
  3 rats (D:1)
31 creatures vanquished.

Vanquished Creatures (others)
  A demonic plant (D:1)
  A withered plant (D:1)
2 creatures vanquished.

Grand Total: 33 creatures vanquished

Notes
Turn   | Place    | Note
-------+----------+-------------------------------------------
     0 | D:1      | HallandMoats the Ghoul Fighter began the quest for the Orb.
     0 | D:1      | Reached XP level 1. HP: 19/19 MP: 0/0
    61 | D:1      | Reached XP level 2. HP: 26/26 MP: 1/1
   306 | D:1      | Found a faded altar of an unknown god.
   552 | D:1      | Prayed at the altar of an unknown god.
   552 | D:1      | Became a worshipper of Gozag Ym Sagoz the Greedy
   595 | D:2      | Reached XP level 3. HP: 25/31 MP: 2/2
  1196 | D:2      | HP: 1/31 [kobold (3)]
  1197 | D:2      | Slain by a kobold

Illustrated notes

Levels and vault maps discovered:
D:1:      wander_arrival_fairy_ring, layout_rooms, shapermc_ecumenical_altar_gd
D:2:      layout_basic, minmay_joined_circles

Skill      XL: |  1  2 |
---------------+-------+-----
Shields        | 3 |  3.3
Maces & Flails | 2 |  2.1
Fighting       | |  3.5
Armour         | |  2.9
Dodging        | |  0.8

Action                   || total
-------------------------++-------
Melee: Flail             ||    93
Armor: Scale mail        ||    37
Dodge: Dodged            ||    57
Block: Buckler           ||    24

Table legend: (Time is in decaauts)
 A = Elapsed time spent in this place.
 B = Non-inter-level travel time spent in this place.
 C = Inter-level travel time spent in this place.
 D = Time resting spent in this place.
 E = Time spent auto-exploring this place.
 F = Levels seen in this place.
 G = Mean time per level.
                   A        B        C        D        E       F      G
               +--------+--------+--------+--------+--------+-----+--------+
         Total |   1226 |   1152 |     74 |      0 |    913 |   2 |  613.0 |
       Dungeon |   1226 |   1152 |     74 |      0 |    913 |   2 |  613.0 |
               +--------+--------+--------+--------+--------+-----+--------+

Top non-repeatable levels by time:
     D:2: 630 daAuts
     D:1: 596 daAuts
